 Dungeon Crawl Stone Soup version 0.30-a0-571-gdf30a72648 (webtiles) character file.

Game seed: 1009565446967889415

106 experimilk the Conjurer (level 4, -3/33 HPs)
             Began as a Draconian Conjurer on Dec 29, 2022.
             Killed by nerve-wracking pain
             ... invoked by Grinder
              (13 damage)
             ... on level 3 of the Dungeon.
             The game lasted 00:04:16 (2107 turns).

experimilk the Conjurer (Draconian Conjurer)        Turns: 2107, Time: 00:04:17

Health: -3/33      AC:  6    Str:  9    XL:     4   Next: 55%
Magic:  5/8        EV: 12    Int: 20    God:
Gold:   108        SH:  0    Dex: 10    Spells: 6/9 levels left

rFire   . . .      SeeInvis .    j - +3 spear
rCold   . . .      Faith    .    (no shield)
rNeg    . . .      Spirit   .    (body armour unavailable)
rPois   .          Reflect  .    (helmet restricted)
rElec   .          Harm     .    (no cloak)
rCorr   .          Rampage  .    (no gloves)
Will    .....                    g - +0 pair of boots
Stlth   ++                       (no amulet)
HPRegen 0.25/turn                (no ring)
MPRegen 0.11/turn                (no ring)

@: no status effects
A: AC +5, unfitting armour, cold-blooded
a: no special abilities


You were on level 3 of the Dungeon.
You visited 1 branch of the dungeon, and saw 3 of its levels.

You collected 108 gold pieces.

Inventory:

Hand Weapons
 b - a +0 dagger
 j - a +3 spear (weapon)
Armour
 g - a +0 pair of boots (worn)
Jewellery
 l - a +5 ring of evasion
Scrolls
 f - a scroll of immolation
 h - 2 scrolls of teleportation
 k - a scroll of poison
 m - a scroll of fear
 n - a scroll of enchant armour {unknown}
Potions
 a - a potion of magic
 c - 2 potions of curing
 d - a potion of mutation {unknown}
 e - a potion of lignification
 i - a potion of haste


   Skills:
 - Level 1.7 Dodging
 - Level 1.7 Stealth
 - Level 3.0 Spellcasting
 * Level 5.5 Conjurations


You had 6 spell levels left.
You knew the following spells:

 Your Spells              Type           Power      Damage    Failure   Level
a - Magic Dart            Conj           100%       1d8       1%          1
z - Searing Ray           Conj           50%        2d6       2%          2

Your spell library contained the following spells:

 Spells                   Type           Power      Damage    Failure   Level
 Dazzling Flash           Conj/Hex       28%        N/A       14%         3
 Fulminant Prism          Conj/Hex       7%         3d7       41%         4
 Iskenderun's Mystic Bla  Conj/Tloc      14%        2d5       41%         4


Dungeon Overview and Level Annotations

Branches:
Dungeon (3/15)

Altars:

Annotations:
D:3 Grinder


Innate Abilities, Weirdness & Mutations

Your plain brown scales are hard. (AC +5)
You cannot fit into any form of body armour.
You are cold-blooded and may be slowed by cold attacks.


Message History

A ball python comes into view.
A ball python is nearby!
Grinder comes into view.
Grinder shouts!
Grinder drinks a potion.
Grinder seems to speed up.
Casting: Magic Dart (safe; 1% risk of failure)
Confirm with . or Enter, or press ? or * to list all spells.
Aiming: Searing Ray (safe; 2% risk of failure)
Press: ? - help, Shift-Dir - straight line, f - ball python
Aim: a ball python (77% to hit)
The searing ray hits the ball python!
You kill the ball python! (Press . to maintain the ray.)
The searing ray hits Grinder!
Grinder is moderately wounded.
A rat comes into view.
The searing ray misses Grinder.
You finish channelling your searing ray.
Grinder misses you. Grinder hits you!
You writhe in agony.
Magic courses through your body.
Grinder says, "I used to sell toenails on the black market."
Grinder gestures at you. You resist with significant effort.
Casting: Searing Ray (safe; 2% risk of failure)
Confirm with . or Enter, or press ? or * to list all spells.
Aiming: Searing Ray (safe; 2% risk of failure)
Press: ? - help, Shift-Dir - straight line, f - Grinder
Aim: Grinder (moderately wounded, fast, 77% to hit)
The searing ray misses Grinder. (Press . to maintain the ray.) Grinder gestures at you.
Pain shoots through your body! Grinder hits you.
You writhe in agony.
* * * LOW HITPOINT WARNING * * *
The rat bites you but does no damage.
The searing ray hits Grinder.
Grinder is moderately wounded.
Grinder blinks!
The rat completely misses you. Grinder gestures at you.
Pain shoots through your body!
You die...

# .#. #. ...# #.
#.. #. #†. #.#
#.# . #.r#§# .
#..@# .#
#...####.####
#####............
.............###.
#.###..5.....#
#.# ###..#####
#.# #..# ###.#
#..### #...#
#....#


You could see Grinder (fast) and a rat.

Vanquished Creatures
  Natasha (twice) (D:2)
  5 endoplasms
  A giant cockroach (D:1)
  6 goblins
  5 hobgoblins
  2 jackals (D:1)
  2 ball pythons
  2 bats (D:2)
  2 frilled lizards (D:1)
  2 kobolds
  9 rats
38 creatures vanquished.

Vanquished Creatures (others)
  Natasha (D:2)
1 creature vanquished.

Grand Total: 39 creatures vanquished

Notes
Turn   | Place    | Note
-------+----------+-------------------------------------------
     0 | D:1      | experimilk the Draconian Conjurer began the quest for the
                  | Orb.
     0 | D:1      | Reached XP level 1. HP: 14/14 MP: 3/3
   294 | D:1      | Reached XP level 2. HP: 17/20 MP: 1/5
   301 | D:1      | Learned a level 2 spell: Searing Ray
  1269 | D:2      | Noticed Natasha
  1279 | D:2      | Killed Natasha
  1280 | D:2      | Reached XP level 3. HP: 25/26 MP: 0/6
  1475 | D:2      | Noticed Natasha
  1484 | D:2      | Killed Natasha
  1485 | D:2      | Reached skill level 5 in Conjurations
  1485 | D:2      | Reached XP level 4. HP: 33/33 MP: 1/8
  1879 | D:2      | Found a faded altar of an unknown god.
  1890 | D:2      | Found a faded altar of an unknown god.
  1894 | D:2      | Noticed Natasha
  1898 | D:2      | Killed Natasha
  2099 | D:3      | Noticed Grinder
  2107 | D:3      | Killed from afar by Grinder

Illustrated notes

Levels and vault maps discovered:
D:1:      dpeg_arrival_prison, layout_loops_ring
D:2:      layout_basic, hellmonk_ecumenical_altar_the_god_not_taken,
          kennysheep_generic_room_8, uniq_natasha
D:3:      layout_loops_ring, uniq_grinder

Skill      XL: |  1  2  3  4 |
---------------+-------------+-----
Conjurations   | 5 |  5.5
Spellcasting   | 3 |  3.0
Dodging        | |  1.7
Stealth        | |  1.7

Action                   |  1- 3 |  4- 6 || total
-------------------------+-------+-------++-------
Melee: Dagger            |    21 |       ||    21
       Spear             |    11 |       ||    11
       Tailslap          |     2 |       ||     2
 Cast: Magic Dart        |    48 |    13 ||    61
       Searing Ray       |     3 |     5 ||     8
  Use: Scroll            |       |     7 ||     7
       Potion            |       |     1 ||     1
Armor: Skin              |     8 |     1 ||     9
Dodge: Dodged            |    22 |     2 ||    24

Table legend: (Time is in decaauts)
 A = Elapsed time spent in this place.
 B = Non-inter-level travel time spent in this place.
 C = Inter-level travel time spent in this place.
 D = Time resting spent in this place.
 E = Time spent auto-exploring this place.
 F = Levels seen in this place.
 G = Mean time per level.
                   A        B        C        D        E       F      G
               +--------+--------+--------+--------+--------+-----+--------+
         Total |   2112 |   2047 |     65 |     46 |   1749 |   3 |  704.0 |
       Dungeon |   2112 |   2047 |     65 |     46 |   1749 |   3 |  704.0 |
               +--------+--------+--------+--------+--------+-----+--------+

Top non-repeatable levels by time:
     D:1: 1268 daAuts
     D:2: 787 daAuts
     D:3: 56 daAuts
